 Dungeon Crawl Stone Soup version 0.30.1-11-g7821555f0a (webtiles) character file.

Game seed: 830680130320680809

2923 KittyFluff the Protected (level 9, 0/56 HPs)
             Began as a Gargoyle Berserker on Nov 11, 2023.
             Was an Elder of Trog.
             Slain by a boulder beetle (31 damage)
             ... on level 7 of the Dungeon.
             The game lasted 00:24:05 (4773 turns).

KittyFluff the Protected (Gargoyle Berserker)       Turns: 4773, Time: 00:24:05

Health: 0/56       AC: 14    Str: 25    XL:     9   Next: 79%
Magic:  9/9        EV: 17    Int:  8    God:    Trog [****..]
Gold:   297        SH:  0    Dex:  9    Spells: 8/8 levels left

rFire   . . .        l - +2 hammer (protect)
rCold   . . .        (no shield)
rNeg    + . .        B - +0 leather armour of Restlessness {*Slow rPois Will++ rCorr}
rPois   ∞            t - +0 helmet
rElec   +            k - +0 cloak
rCorr   +            (no gloves)
SInv    +            r - +0 pair of boots
Will    ++...        (no amulet)
Stlth   +++          m - ring of see invisible
HPRegen 0.29/turn    n - +5 ring of evasion
MPRegen 0.11/turn

%: slow self (1%)
@: no status effects
A: sickness immunity, AC +6, negative energy resistance 1, electricity
resistance, torment resistance 1, petrification resistance
a: Renounce Religion, Berserk, Trog's Hand, Brothers in Arms


You were on level 7 of the Dungeon.
You worshipped Trog.
Trog was greatly pleased with you.
You visited 1 branch of the dungeon, and saw 7 of its levels.

You collected 297 gold pieces.

Inventory:

Hand Weapons
 j - a +2 quarterstaff of chaos
 l - a +2 hammer of protection (weapon)
 x - a +4 flail of holy wrath
 E - a +0 shortbow
 H - a +0 sling
Missiles
 b - 6 poisoned darts
 y - 5 atropa-tipped darts (quivered)
 F - 2 boomerangs
Armour
 d - a +0 leather armour
 k - a +0 cloak (worn)
 r - a +0 pair of boots (worn)
 t - a +0 helmet (worn)
 B - the +0 leather armour of Restlessness (worn) {*Slow rPois Will++ rCorr}
   (You found it on level 5 of the Dungeon)

   rPois:     It protects you from poison.
   rCorr:     It protects you from acid and corrosion.
   *Slow:     It may slow you when you take damage.
   Will:      It greatly increases your willpower.
 G - a scarf of invisibility
 I - a +1 hat
Jewellery
 c - a ring of willpower
 g - a ring of ice
 m - a ring of see invisible (left hand)
 n - a +5 ring of evasion (right hand)
 u - a ring of resist corrosion
 z - a ring of protection from fire
 A - the ring of Moodiness {rElec rC- Int+4 Dex+6}
   (You found it on level 4 of the Dungeon)

   [ring of dexterity]

   Int:       It affects your intelligence (+4).
   Dex:       It affects your dexterity (+6).
   rC:        It makes you vulnerable to cold.
   rElec:     It insulates you from electricity.
Wands
 s - a wand of quicksilver (9)
 J - a wand of flame (9)
Scrolls
 e - a scroll of poison {unknown}
 f - 2 scrolls of immolation
 h - a scroll of enchant weapon {unknown}
 i - a scroll of magic mapping {unknown}
 p - a scroll of fear {unknown}
 q - a scroll of enchant armour {unknown}
 C - a scroll of blinking {unknown}
 D - a scroll of teleportation {unknown}
Potions
 a - a potion of curing
 o - a potion of haste
 v - a potion of resistance
 w - 3 potions of mutation {unknown}


   Skills:
 + Level 6.4 Fighting
 * Level 7.7 Maces & Flails
 * Level 8.1 Armour
 + Level 4.4 Dodging
 + Level 5.6 Stealth


You had 8 spell levels left.
You didn't know any spells.
Your spell library was empty.

Dungeon Overview and Level Annotations

Branches:
Dungeon (7/15)             Temple (0/1) D:4

Altars:
Cheibriados
Nemelex Xobeh
Ru
Vehumet
Xom
The Shining One

Annotations:
D:5 2 transporters, lonewolfV2's ghost, novice MiFi


Innate Abilities, Weirdness & Mutations

You are immune to sickness and miasma.
Your stone body is resilient. (AC +6)
You are immune to poison.
You resist negative energy. (rN+)
You are resistant to electric shocks. (rElec)
You are resistant to unholy torment.
You are immune to petrification.


Message History

You see here an iguana corpse.
Found a stone staircase leading down.
Okay, then.
Found a silver wand.
There is a stone staircase leading down here.
Found a lumpy green potion.
Found 3 gold pieces.
J - a wand of flame (9)
A boulder beetle comes into view.
Found 14 gold pieces.
The boulder beetle waves its antennae.
You sock the boulder beetle!
Your weapon exudes an aura of protection.
The boulder beetle is lightly wounded.
The boulder beetle bites you.
You hit the boulder beetle.
The boulder beetle is lightly wounded.
The boulder beetle barely misses you.
You hit the boulder beetle.
The boulder beetle is moderately wounded.
The boulder beetle bites you!
You hit the boulder beetle but do no damage.
The boulder beetle is moderately wounded.
The boulder beetle completely misses you.
You thump the boulder beetle!
The boulder beetle is moderately wounded.
The boulder beetle bites you.
You hit the boulder beetle but do no damage.
The boulder beetle is moderately wounded.
The boulder beetle bites you!
You hit the boulder beetle but do no damage.
The boulder beetle is moderately wounded.
The boulder beetle leaps!
Found a stone staircase leading down.
You see here a lumpy green potion.
w - 3 lumpy green potions (gained 1)
The boulder beetle curls into a ball and begins rolling!
The boulder beetle hits you!!
Ouch! That really hurt!
You die...

.........# ###..##..##.
.##.# .....# .... ....#
#.##.# ##.# ....###
#.##.###.##.. .......
.........#..# .......
.....### #.## ....##
#.###### ##..####...$.##
#.# #.##......@B°....>
.#.#####.#...####.$...##
###.....>............##
.#.#######.###########
#.## ### ###


You could see a boulder beetle (rolling).

Vanquished Creatures
  Pikel (D:4)
  Grinder (D:4)
  4 water moccasins
  A sky beast (D:7)
  2 ice beasts
  An ogre (D:4)
  A centaur (D:6)
  A lemure (D:4)
  2 phantoms
  A kobold brigand (D:6)
  A gnoll sergeant (D:7)
  A bullfrog (D:6)
  A scorpion (D:6)
  3 wights (D:7)
  A howler monkey (D:5)
  2 hounds
  A jelly (D:6)
  Crazy Yiuf (D:2)
  6 orc wizards
  6 iguanas
  2 sleepcaps (D:6)
  Robin (D:4)
  6 adders
  12 gnolls
  A shadow imp (D:6)
  2 white imps (D:7)
  3 worms
  2 dart slugs
  18 orcs
  5 ball pythons
  7 endoplasms
  15 goblins
  9 hobgoblins
  13 jackals
  3 quokkas
  4 bats
  4 frilled lizards
  18 kobolds
  5 rats
168 creatures vanquished.

Notes
Turn   | Place    | Note
-------+----------+-------------------------------------------
     0 | D:1      | KittyFluff the Gargoyle Berserker began the quest for the
                  | Orb.
     0 | D:1      | Reached XP level 1. HP: 14/14 MP: 1/1
   109 | D:1      | Reached XP level 2. HP: 19/19 MP: 2/2
   408 | D:1      | Reached XP level 3. HP: 20/23 MP: 3/3
   418 | D:1      | Reached skill level 1 in Stealth
   504 | D:2      | Found a radiant altar of Vehumet.
   516 | D:2      | Reached ** piety under Trog
   529 | D:2      | Reached skill level 3 in Armour
   664 | D:2      | Reached XP level 4. HP: 25/28 MP: 4/4
  1121 | D:2      | Found a runed translucent door.
  1122 | D:2      | Noticed Crazy Yiuf
  1130 | D:2      | Killed Crazy Yiuf
  1415 | D:3      | Reached XP level 5. HP: 24/33 MP: 5/5
  1745 | D:3      | Reached *** piety under Trog
  1902 | D:4      | Reached skill level 4 in Armour
  1951 | D:4      | Reached XP level 6. HP: 22/38 MP: 6/6
  2065 | D:4      | Noticed Grinder
  2092 | D:4      | Killed Grinder
  2093 | D:4      | Reached XP level 7. HP: 39/44 MP: 7/7
  2214 | D:4      | Reached skill level 5 in Maces & Flails
  2214 | D:4      | Reached skill level 5 in Armour
  2253 | D:4      | Found a staircase to the Ecumenical Temple.
  2332 | D:4      | Noticed Robin
  2348 | D:4      | Killed Robin
  2390 | D:4      | Noticed Pikel
  2429 | D:4      | Killed Pikel
  2430 | D:4      | Reached skill level 5 in Fighting
  2430 | D:4      | Reached skill level 6 in Armour
  2430 | D:4      | Reached XP level 8. HP: 34/49 MP: 8/8
  2495 | D:4      | Identified the ring of Moodiness {rElec rC- Int+4 Dex+6}
  2607 | D:5      | Entered Level 5 of the Dungeon
  2692 | D:5      | Reached **** piety under Trog
  2935 | D:5      | Identified the +0 leather armour of Restlessness {*Slow
                  | rPois Will++ rCorr}
  3187 | D:5      | Found a transporter.
  3190 | D:5      | Noticed lonewolfV2's ghost (novice MiFi)
  3193 | D:5      | Noticed a wyvern
  3233 | D:5      | Found a transporter.
  3611 | D:6      | Reached skill level 7 in Armour
  3611 | D:6      | Reached XP level 9. HP: 54/55 MP: 9/9
  3650 | D:6      | Found a sparkling altar of Nemelex Xobeh.
  3732 | D:6      | Found a sacrificial altar of Ru.
  3824 | D:6      | Found a snail-covered altar of Cheibriados.
  3903 | D:6      | Reached skill level 5 in Stealth
  4282 | D:6      | Found a glowing golden altar of the Shining One.
  4634 | D:7      | Reached skill level 8 in Armour
  4717 | D:7      | Found a shimmering altar of Xom.
  4756 | D:7      | Noticed a boulder beetle
  4773 | D:7      | Slain by a boulder beetle

Illustrated notes

Levels and vault maps discovered:
D:1:      eino_arrival_cavern_b, layout_rooms
D:2:      layout_loops_corners, basic_altar, uniq_crazy_yiuf_cottage
D:3:      layout_rooms, serial_bayou_lagoon_a, minivault_19, st_stairs_3
D:4:      layout_rooms, minmay_temple_entry_offerings, uniq_robin, uniq_grinder,
          uniq_pikel
D:5:      layout_basic, gammafunk_ghost_arena
D:6:      layout_basic, tso_oasis_becter, nicolae_ru_sacrificial_ziggurat,
          lemuel_tele_altar, mainiacjoe_overflow_alcove_4,
          minmay_misc_feat_encased, hellmonk_no_cap
D:7:      layout_loops_ring, mainiacjoe_overflow_cross_hatched

Skill      XL: |  1  2  3  4  5  6  7  8  9 |
---------------+----------------------------+-----
Stealth        | 1 2 4 5 |  5.6
Armour         | 3 4 6 7 8 |  8.1
Dodging        | 2 3 4 |  4.4
Maces & Flails | 4 6 7 |  7.7
Fighting       | 4 5 6 |  6.4

Action                     |  1- 3 |  4- 6 |  7- 9 || total
---------------------------+-------+-------+-------++-------
  Melee: Mace              |    97 |   158 |   449 ||   704
         Punch             |     1 |       |     7 ||     8
  Throw: Dart              |       |     1 |       ||     1
 Invoke: Berserk           |       |     1 |       ||     1
    Use: Scroll            |     2 |     2 |     3 ||     7
   Stab: Sleeping          |       |     1 |     3 ||     4
 Armour: Leather armour    |    42 |    43 |   147 ||   232
         Animal skin       |     1 |       |       ||     1
  Dodge: Dodged            |    66 |   136 |   388 ||   590
